 Dungeon Crawl Stone Soup version 0.31.0-12-g77e489cdc1 (webtiles) character file.

Game seed: 15911298446815493089

34 DildoBatman the Conjurer (level 3, 0/24 (26) HPs)
             Began as a Formicid Conjurer on Feb 12, 2024.
             Slain by a ribbon worm (6 damage)
             ... on level 2 of the Dungeon.
             The game lasted 00:04:22 (1460 turns).

DildoBatman the Conjurer (Formicid Conjurer)        Turns: 1460, Time: 00:04:23

HP:   0/24 (26)     AC:  2    Str: 11    XL:     3   Next: 50%
MP:   0/6           EV: 12    Int: 19    God:
Gold: 72            SH:  0    Dex: 12    Spells: 3/6 levels left

rFire   . . .        h - +0 falchion
rCold   . . .        (no shield)
rNeg    . . .        a - +0 robe
rPois   .            (helmet unavailable)
rElec   .            (no cloak)
rCorr   .            (no gloves)
SInv    +            (no boots)
Will    .....        f - amulet of the acrobat
Stlth   ++           (no ring)
HPRegen 0.24/turn    (no ring)
MPRegen 0.10/turn

%: acrobat
@: drained
A: permanent stasis, dig shafts and tunnels, antennae 3, four strong arms
a: Dig, Shaft Self


You were on level 2 of the Dungeon.
You visited 1 branch of the dungeon, and saw 2 of its levels.

You collected 72 gold pieces.

Inventory:

Hand Weapons
 h - a +0 falchion (weapon)
Missiles
 c - 2 poisoned darts
 g - 15 stones
Armour
 a - a +0 robe (worn)
Jewellery
 f - an amulet of the acrobat (around neck)
Talismans
 i - a blade talisman
Scrolls
 e - a scroll of identify {unknown}
 k - a scroll of noise {unknown}
 l - a scroll of fog {unknown}
Potions
 b - 2 potions of magic
 d - 2 potions of attraction {unknown}
 j - a potion of curing {unknown}


   Skills:
 + Level 1.0 Fighting
 + Level 1.0 Armour
 + Level 2.0 Dodging
 + Level 3.1 Stealth
 + Level 2.4 Spellcasting
 + Level 3.8 Conjurations


You had 3 spell levels left.
You knew the following spells:

 Your Spells              Type           Power      Damage    Failure   Level
a - Searing Ray           Conj           32%        2d5       4%          2
c - Magic Dart            Conj           64%        1d6       3%          1

Your spell library contained the following spells:

 Spells                   Type           Power      Damage    Failure   Level
 Fulminant Prism          Conj/Alch      4%         3d5       58%         4
 Iskenderun's Mystic Bla  Conj/Tloc      9%         2d4       58%         4


Dungeon Overview and Level Annotations

Branches:
Dungeon (2/15)

Altars:

Shops:
D:2 [

Annotations:
D:2 Terence


Innate Abilities, Weirdness & Mutations

You cannot be hasted, slowed, berserked, paralysed or teleported.
You can dig through walls and to a lower floor.
You have a pair of large antennae on your head. (SInv)
Your four strong arms can wield two-handed weapons with a shield.


Message History

The searing ray hits the ribbon worm.
The ribbon worm is moderately wounded. (Press . to maintain the ray.)
The ribbon worm expels a string of sticky webbing.
The stream of webbing hits you but does no damage.
You are caught in a web!
The searing ray hits the ribbon worm.
The ribbon worm is heavily wounded.
The searing ray hits the ribbon worm.
The ribbon worm is severely wounded.
The searing ray hits the ribbon worm.
The ribbon worm is almost dead.
You finish channelling your searing ray.
Casting: Searing Ray (safe; 4% risk of failure)
Confirm with . or Enter, or press ? or * to list all spells.
You don't have enough magic to cast this spell.
The web tears apart.
The ribbon worm attacks as it pursues you!
The ribbon worm misses you.
You barely miss the ribbon worm.
The ribbon worm is almost dead.
The ribbon worm bites you!
Casting: Searing Ray (safe; 4% risk of failure)
Confirm with . or Enter, or press ? or * to list all spells.
Aiming: Magic Dart (safe; 3% risk of failure)
Press: ? - help, Shift-Dir - straight line, f/p - ribbon worm
Aim: a ribbon worm (severely wounded, 100% to hit)
The magic dart hits the ribbon worm.
The ribbon worm is almost dead.
The ribbon worm bites you.
You barely miss the ribbon worm.
The ribbon worm is almost dead.
The ribbon worm expels a string of sticky webbing.
The stream of webbing hits you but does no damage.
You are caught in a web!
You struggle to detach yourself from the web.
The ribbon worm bites you.
The web tears apart.
The ribbon worm bites you.
You die...

#######?#
........#
#.#####..#####.>
#.#####.<.......
..........#.##.#
# #.##..#.#...#
# #.......#####
# ......#w#
#..##.#@# #.. #
#.# ..# #### # #
. . #


You could see a ribbon worm (catching breath).

Vanquished Creatures
  2 dart slugs
  A ribbon worm (D:2)
  3 bats (D:1)
  3 endoplasms (D:1)
  3 giant cockroaches (D:1)
  A goblin (D:1)
  3 hobgoblins (D:1)
  4 quokkas
  2 ball pythons
  A kobold (D:1)
  2 rats (D:1)
25 creatures vanquished.

Notes
Turn   | Place    | Note
-------+----------+-------------------------------------------
     0 | D:1      | DildoBatman the Formicid Conjurer began the quest for the
                  | Orb.
     0 | D:1      | Reached XP level 1. HP: 13/13 MP: 3/3
   186 | D:1      | Reached XP level 2. HP: 20/20 MP: 1/5
   189 | D:1      | Learned a level 2 spell: Searing Ray
   698 | D:1      | Reached XP level 3. HP: 23/25 MP: 6/6
  1105 | D:2      | Reached skill level 1 in Armour
  1121 | D:2      | Reached skill level 1 in Fighting
  1324 | D:2      | Found Geonu's Armour Emporium.
  1355 | D:2      | Noticed Terence
  1460 | D:2      | Slain by a ribbon worm

Illustrated notes

Levels and vault maps discovered:
D:1:      ncdulo_halloftheorcs, layout_basic, serial_forest,
          infiniplex_forest_lined_room_3, infiniplex_forest_fountain,
          infiniplex_forest_corner_1, infiniplex_forest_zigzag_1,
          infiniplex_forest_lined_corner, infiniplex_forest_lined_room_3,
          infiniplex_forest_corner_2
D:2:      layout_loops_cross, serial_shops, nicolae_shop_back_alley_shop,
          uniq_jessica, uniq_terence

Skill      XL: |  1  2  3 |
---------------+----------+-----
Dodging        | 2 |  2.0
Stealth        | 3 |  3.1
Armour         | 1 |  1.0
Fighting       | 1 |  1.0
Spellcasting   | |  2.4
Conjurations   | |  3.8

Action                     || total
---------------------------++-------
  Melee: Unarmed           ||     1
         Falchion          ||    40
         Dagger            ||     2
   Cast: Magic Dart        ||    13
         Searing Ray       ||     6
Ability: Dig               ||     1
   Stab: Sleeping          ||     6
 Armour: Robe              ||    33
  Dodge: Dodged            ||    53
